 Dungeon Crawl Stone Soup version 0.32-a0-818-gb728d0252e (webtiles) character file.

Game seed: 13618802493908945797

232 Lanoc the Trooper (level 6, 0/49 HPs)
             Began as a Coglin Monk on Mar 24, 2024.
             Slain by a gnoll
             ... wielding a +0 spear
              (6 damage)
             ... on level 3 of the Dungeon.
             The game lasted 00:02:37 (1361 turns).

Lanoc the Trooper (Coglin Monk)                     Turns: 1361, Time: 00:02:38

Health: 0/49       AC:  4    Str: 13    XL:     6   Next: 4%
Magic:  6/6        EV: 13    Int:  9    God:
Gold:   42         SH:  0    Dex: 17    Spells: 5/5 levels left

rFire   . . .        a - +0 falchion {Jia}
rCold   . . .        d - orb {light}
rNeg    . . .        p - +2 robe
rPois   .            (no helmet)
rElec   .            (no cloak)
rCorr   .            (no gloves)
SInv    .            (no boots)
Will    .....        (amulet unavailable)
Stlth   +            (ring unavailable)
HPRegen 0.28/turn    (ring unavailable)
MPRegen 0.10/turn    (no gizmo)

%: no passive effects
@: confused, ambrosia-drunk, glowing, revved
A: off-hand wielding, slow wielding, warmup strikes, no jewellery
a: Invent Gizmo


You were on level 3 of the Dungeon.
You visited 1 branch of the dungeon, and saw 3 of its levels.

You collected 138 gold pieces.
You spent 96 gold pieces at shops.

Inventory:

Hand Weapons
 a - a +0 falchion (weapon) {Jia}
Armour
 b - the +0 robe of Tomorrow {rF+++ rC- rCorr Str-2}
   (You bought it in a shop on level 1 of the Dungeon)

   Str-2:     It affects your strength (-2).
   rF+++:     It renders you almost immune to fire.
   rC-:       It makes you vulnerable to cold.
   rCorr:     It protects you from acid and corrosion.
 d - an orb of light (worn)
 o - an orb of wrath
 p - a +2 robe (worn)
Scrolls
 f - 3 scrolls of teleportation {unknown}
 g - 2 scrolls of blinking {unknown}
 i - 4 scrolls of identify {unknown}
 j - 3 scrolls of poison {unknown}
 m - a scroll of fear {unknown}
 n - 2 scrolls of enchant armour {unknown}
Potions
 e - 2 potions of degeneration {unknown}
 h - a potion of invisibility {unknown}
 k - 3 potions of heal wounds {unknown}
 l - a potion of lignification {unknown}


   Skills:
 + Level 4.4 Fighting
 * Level 4.4 Long Blades
 + Level 4.0 Dodging


You had 5 spell levels left.
You didn't know any spells.
Your spell library contained the following spells:

 Spells                   Type           Power      Damage    Failure   Level
 Blink                    Tloc           0%         N/A       52%         2
 Lesser Beckoning         Tloc           0%         N/A       52%         2
 Momentum Strike          Conj/Tloc      0%         3d8       52%         2


Dungeon Overview and Level Annotations

Branches:
Dungeon (3/15)

Altars:

Shops:
D:1 :[!


Innate Abilities, Weirdness & Mutations

You can wield a second weapon in your off-hand.
It takes a long time for you to wield or remove held weapons.
Your first few attacks do less damage.
You cannot equip rings or amulets.


Message History

The gnoll is severely wounded.
The gnoll hits you but does no damage.
The gnoll hits you from afar with a +0 spear!
The gnoll hits you with a +0 club.
You hit the gnoll.
You kill the gnoll!
The gnoll throws a throwing net.
The throwing net hits you.
You become entangled in the net!
You have reached level 6!
You tear a large gash into the net.
The gnoll hits you from afar with a +0 spear.
You shred the net and break free!
The gnoll throws a throwing net.
The throwing net misses you. The gnoll hits you with a +0 spear.
The gnoll hits you from afar with a +0 spear.
Things that are here:
a +0 club; a gnoll corpse You barely miss the gnoll.
The gnoll hits you with a +0 spear!
* * * LOW HITPOINT WARNING * * *
The gnoll hits you from afar with a +0 spear.
* * * LOW HITPOINT WARNING * * *
You slash the gnoll!
The gnoll is severely wounded.
The gnoll hits you with a +0 spear.
* * * LOW HITPOINT WARNING * * *
The gnoll hits you from afar with a +0 spear.
* * * LOW HITPOINT WARNING * * *
You hit the gnoll.
The gnoll is severely wounded.
The gnoll barely misses you.
The gnoll hits you from afar with a +0 spear.
* * * LOW HITPOINT WARNING * * *
You hit the gnoll but do no damage.
The gnoll is severely wounded.
The gnoll barely misses you.
The gnoll hits you from afar with a +0 spear.
* * * LOW HITPOINT WARNING * * *
You are confused.
You feel invigorated. The gnoll hits you with a +0 spear.
You die...

##.#.## ## ##.## ###
##.## ##.###...# #+##
#.#......# #...#
##.###.).# #.....
#####.##.#### #......
#.<.......####....?..
#.###.(.....@gg......
#. #.#...####.......
#. #.#...# #...... #.
#.....# #..... #.
###.#.# #...# #.
#.#.# #+## #. ....#
)....#


You could see 2 gnolls.

Vanquished Creatures
  Sigmund (D:2)
  A gnoll (D:3)
  An adder (D:2)
  2 ball pythons
  11 bats
  5 endoplasms
  8 goblins
  12 hobgoblins
  3 jackals (D:1)
  A kobold (D:2)
  A quokka (D:1)
  2 frilled lizards
  3 rats
51 creatures vanquished.

Notes
Turn   | Place    | Note
-------+----------+-------------------------------------------
     0 | D:1      | Lanoc the Coglin Monk began the quest for the Orb.
     0 | D:1      | Reached XP level 1. HP: 18/18 MP: 1/1
    78 | D:1      | Found Luacredd's Distillery.
   161 | D:1      | Reached XP level 2. HP: 24/24 MP: 2/2
   165 | D:1      | Found Goryergh's Book Shop.
   268 | D:1      | Found Xaceb's Antique Armour Boutique.
   559 | D:1      | Reached XP level 3. HP: 29/29 MP: 3/3
   862 | D:2      | Noticed Sigmund
   872 | D:2      | Killed Sigmund
   873 | D:2      | Reached XP level 4. HP: 38/38 MP: 4/4
   873 | D:2      | Reached XP level 5. HP: 43/43 MP: 5/5
  1270 | D:1      | Bought an encrusted robe for 96 gold pieces
  1270 | D:1      | Identified the +0 robe of Tomorrow {rF+++ rC- rCorr Str-2}
                  | (You bought it in a shop on level 1 of the Dungeon)
  1354 | D:3      | Reached XP level 6. HP: 27/49 MP: 6/6
  1360 | D:3      | HP: 1/49 [gnoll/+0 spear (3)]
  1361 | D:3      | Slain by a gnoll

Illustrated notes

Levels and vault maps discovered:
D:1:      lightli_arrival_chessboard, layout_rooms, serial_shops, shop,
          nicolae_shop_statue_plus, nicolae_shop_trees, serial_bayou_lagoon_a,
          minivault_23
D:2:      cheibrodos_greedy_goblins, layout_rooms, grunt_decor_cap, uniq_sigmund
D:3:      layout_loops_corners, hellmonk_ecumenical_altar_leap_of_faith,
          minmay_fractal_squares_gapless_5

Skill      XL: |  1  2  3  4  5 |
---------------+----------------+-----
Dodging        | 3 4 |  4.0
Fighting       | 4 |  4.4
Long Blades    | 4 |  4.4

Action                     |  1- 3 |  4- 6 || total
---------------------------+-------+-------++-------
  Melee: Falchion          |    69 |    49 ||   118
    Use: Potion            |       |     1 ||     1
 Armour: Robe              |    35 |    26 ||    61
  Dodge: Dodged            |    61 |    25 ||    86

Table legend: (Time is in decaauts)
 A = Elapsed time spent in this place.
 B = Non-inter-level travel time spent in this place.
 C = Inter-level travel time spent in this place.
 D = Time resting spent in this place.
 E = Time spent auto-exploring this place.
 F = Levels seen in this place.
 G = Mean time per level.
                   A        B        C        D        E       F      G
               +--------+--------+--------+--------+--------+-----+--------+
         Total |   1388 |   1288 |    100 |      0 |   1014 |   3 |  462.7 |
       Dungeon |   1388 |   1288 |    100 |      0 |   1014 |   3 |  462.7 |
               +--------+--------+--------+--------+--------+-----+--------+

Top non-repeatable levels by time:
     D:1: 719 daAuts
     D:2: 591 daAuts
     D:3: 77 daAuts
